 Dungeon Crawl Stone Soup version 0.29.1-14-g9c671dbff4 (webtiles) character file.

Game seed: 5808582851984389942

19 wolfrpgdude the Trooper (level 2, -4/27 HPs)
             Began as a Minotaur Fighter on Feb 15, 2023.
             Slain by Sigmund
             ... wielding a +0 scythe
              (6 damage)
             ... on level 2 of the Dungeon.
             The game lasted 00:01:59 (704 turns).

wolfrpgdude the Trooper (Minotaur Fighter)           Turns: 704, Time: 00:01:59

Health: -4/27      AC:  7    Str: 19 (20) XL:     2   Next: 55%
Magic:  1/1        EV:  9    Int:  4 (5)  God:
Gold:   76         SH:  4    Dex:  6 (9)  Spells: 1/1 levels left

rFire   . . .      SeeInvis .   a - +0 long sword
rCold   . . .      Faith    .   c - +0 buckler
rNeg    . . .      Spirit   .   b - +0 scale mail
rPois   .          Reflect  .   (helmet restricted)
rElec   .          Harm     .   (no cloak)
rCorr   .          Rampage  .   (no gloves)
Will    .....                   (no boots)
Stlth   ..........              (no amulet)
HPRegen 0.09/turn               (no ring)
MPRegen 0.07/turn               (no ring)

@: brilliant
A: horns 2, retaliatory headbutt
a: no special abilities


You were on level 2 of the Dungeon.
You visited 1 branch of the dungeon, and saw 2 of its levels.

You collected 76 gold pieces.

Inventory:

Hand Weapons
 a - a +0 long sword (weapon)
Armour
 b - a +0 scale mail (worn)
 c - a +0 buckler (worn)
Scrolls
 e - 3 scrolls of identify
Potions
 d - 2 potions of might
 f - a potion of mutation {unknown}
 g - 2 potions of attraction
 i - a potion of flight {unknown}
 j - a potion of heal wounds {unknown}
 m - a potion of ambrosia {unknown}


   Skills:
 + Level 4.1 Fighting
 + Level 2.6 Long Blades
 + Level 3.9 Armour
 + Level 4.0 Shields


You had one spell level left.
You didn't know any spells.
Your spell library contained the following spells:

 Spells                   Type           Power      Damage    Failure   Level
 Sublimation of Blood     Necr           0%         N/A       97%         2
 Petrify                  Tmut/Erth      0%         N/A       100%        4
 Irradiate                Conj/Tmut      0%         3d11      100%        5


Dungeon Overview and Level Annotations

Branches:
Dungeon (2/15)

Altars:

Annotations:
D:2 Sigmund


Innate Abilities, Weirdness & Mutations

You have a pair of horns on your head.
You reflexively headbutt those who attack you in melee.


Message History

The endoplasm freezes you.
You are frozen.
The hobgoblin attacks as you move away! The hobgoblin closely misses you.
The endoplasm attacks as you move away! The endoplasm barely misses you.
Something hits you but does no damage.
You closely miss the endoplasm. The hobgoblin barely misses you.
The endoplasm hits you but does no damage.
Something hits you! The endoplasm attacks as you move away!
The endoplasm barely misses you.
You feel less confused. You block the hobgoblin's attack.
The hobgoblin hits you but does no damage.
The hobgoblin closely misses you.
You hear some strange, mumbled words.
Something tries to affect you, but you resist.
The endoplasm hits you but does no damage.
You slash the hobgoblin!
You kill the hobgoblin!
Something hits you.
* * * LOW HITPOINT WARNING * * *
The endoplasm hits you but does no damage.
The endoplasm freezes you.
You are frozen.
* * * LOW HITPOINT WARNING * * *
Your Shields skill increases to level 4!
It was a potion of degeneration.
There was something very wrong with that liquid.
You feel weakened.
You feel dopey.
You feel clumsy. Something hits you but does no damage. The endoplasm hits you.
* * * LOW HITPOINT WARNING * * *
It was a potion of brilliance.
You feel clever all of a sudden.
The endoplasm hits you but does no damage.
You block something's attack.
You barely miss something. You block the endoplasm's attack.
You miss something. Your headbutt misses something.
Something hits you but does no damage. The endoplasm hits you.
* * * LOW HITPOINT WARNING * * *
You miss something. Something hits you.
You die...

..... .... .. #### ...
... ..... .. ...
.....#####.##.# .
......#.......#..
....(............
......#.J†{..##..
......$..@...#
......#......####.#
..... #.†.........
.... #.......### ...
#.......# ##
####......##
$.........### ##
#.......^..# ##..
#..........########...


You could see an endoplasm.

Vanquished Creatures
  2 ball pythons
  2 bats (D:1)
  3 endoplasms
  A giant cockroach (D:1)
  A goblin (D:1)
  2 hobgoblins
  2 frilled lizards (D:1)
  2 kobolds (D:1)
  2 rats (D:1)
17 creatures vanquished.

Notes
Turn   | Place    | Note
-------+----------+-------------------------------------------
     0 | D:1      | wolfrpgdude the Minotaur Fighter began the quest for the
                  | Orb.
     0 | D:1      | Reached XP level 1. HP: 19/19 MP: 0/0
   234 | D:1      | Reached XP level 2. HP: 23/27 MP: 1/1
   685 | D:2      | Noticed Sigmund
   704 | D:2      | Slain by Sigmund

Illustrated notes

Levels and vault maps discovered:
D:1:      mushboom_english_gardens, layout_basic, chequers_garden,
          minmay_tetromino_t2
D:2:      layout_rooms, basic_ecumenical_altar, uniq_sigmund

Skill      XL: |  1  2 |
---------------+-------+-----
Fighting       | 4 |  4.1
Shields        | 4 |  4.0
Long Blades    | |  2.6
Armour         | |  3.9

Action                   || total
-------------------------++-------
Melee: Long sword        ||    38
       Headbutt          ||     6
  Use: Scroll            ||     4
       Potion            ||     2
Armor: Scale mail        ||    33
Dodge: Dodged            ||    27
Block: Buckler           ||    11
